| TOP OF THE 1ST |
|
Danville Veterans batting - Pitching for Clinton Pilots : LHP Brian Lucas
|
|
Pitching: LHP Brian Lucas
|
|
|
Batting: RHB Billy Hatcher
|
0-0: Called Strike 0-1: Foul Ball, location: 2F 0-2: Ball 1-2: Fly out, F9 (Flyball, 9D, EV 81.3 MPH)
|
|
Batting: RHB Henry Janssen
|
0-0: Ball 1-0: Called Strike 1-1: Foul Ball, location: 2F 1-2: Fly out, F8 (Flyball, 8LS, EV 88.1 MPH)
|
|
Batting: LHB Mark Salas
|
0-0: Ball 1-0: Ball 2-0: Called Strike 2-1: Ball 3-1: Called Strike 3-2: Foul Ball, location: 2F 3-2: Ground out U3 (Groundball, 3, EV 91.9 MPH)
|
| Top of the 1st over - 0 runs, 0 hits, 0 errors, 0 left on base; Danville 0 - Clinton 0 |
| BOTTOM OF THE 1ST |
|
Clinton Pilots batting - Pitching for Danville Veterans : RHP John Violette
|
|
Pitching: RHP John Violette
|
|
|
Batting: RHB Danny Chairez
|
0-0: Swinging Strike 0-1: Ground out 4-3 (Groundball, 4, EV 82.5 MPH)
|
|
Batting: RHB Tom Riley
|
0-0: Ball 1-0: Foul Ball, location: 2F 1-1: Foul Ball, location: 2F 1-2: Ground out 3-1 (Groundball, 34S, EV 86.3 MPH)
|
|
Batting: SHB Alan Regier
|
0-0: Ball 1-0: Foul Ball, location: 2F 1-1: Foul Ball, location: 2F 1-2: Ground out 4-3 (Groundball, 4, EV 86.3 MPH)
|
| Bottom of the 1st over - 0 runs, 0 hits, 0 errors, 0 left on base; Danville 0 - Clinton 0 |
| TOP OF THE 2ND |
|
Danville Veterans batting - Pitching for Clinton Pilots : LHP Brian Lucas
|
|
Batting: RHB Barry Brunenkant
|
0-0: Ground out 4-3 (Groundball, 4M, EV 90.0 MPH)
|
|
Batting: RHB Ed Saavedra
|
0-0: Ball 1-0: Ball 2-0: Called Strike 2-1: Fly out, F9 (Flyball, 9S, EV 91.3 MPH)
|
|
Batting: RHB Vincent Pone
|
0-0: Ball 1-0: Ground out 4-3 (Groundball, 4, EV 87.5 MPH)
|
| Top of the 2nd over - 0 runs, 0 hits, 0 errors, 0 left on base; Danville 0 - Clinton 0 |
| BOTTOM OF THE 2ND |
|
Clinton Pilots batting - Pitching for Danville Veterans : RHP John Violette
|
|
Batting: RHB Abe Rael
|
0-0: Ball 1-0: SINGLE (Flyball, 56D, EV 98.1 MPH)
|
|
Batting: LHB Thomas Berti
|
0-0: Ball 1-0: SINGLE (Groundball, 34D, EV 104.4 MPH) Abe Rael to second Runner from 2nd tries for 3rd, SAFE, throw by RF made to third
|
|
Batting: RHB Alberto Reyes
|
0-0: Ball 1-0: Foul Ball, location: 2F 1-1: Foul Ball, location: 2F 1-2: Foul Ball, location: 2F 1-2: Ball 2-2: Ball 3-2: Reached on error, E5 (Groundball, 56S, EV 88.8 MPH) Abe Rael scores Thomas Berti to second
|
|
Batting: RHB Barry Siebert
|
0-0: Called Strike 0-1: SINGLE (Groundball, 56D, EV 96.9 MPH) Thomas Berti to third Alberto Reyes to second Runner from 3rd tries for Home, SAFE, throw by LF to home
|
|
Batting: LHB Epifano Martinez
|
0-0: Foul Ball, location: 2F 0-1: SINGLE (Groundball, 56, EV 80.6 MPH) (infield hit) Alberto Reyes to third Barry Siebert to second
|
|
Batting: RHB Donn Koch
|
0-0: Ball 1-0: Foul Ball, location: 2F 1-1: Fly out, F9 (Flyball, 9, EV 88.1 MPH)
|
|
Batting: RHB Danny Chairez
|
0-0: Foul Ball, location: 2F 0-1: Ball 1-1: Fly out, F8 (Flyball, 8LXD, EV 95.0 MPH) Runner from 3rd tags up, SCORES, no throw by CF Barry Siebert to third
|
|
Batting: RHB Tom Riley
|
0-0: SINGLE (Line Drive, 34, EV 102.5 MPH) Barry Siebert scores Epifano Martinez to second
|
|
Batting: SHB Alan Regier
|
0-0: Ball 1-0: Ball 2-0: Swinging Strike 2-1: Swinging Strike 2-2: Reached on error, E4 (Groundball, 4, EV 78.8 MPH) Epifano Martinez to third Tom Riley to second
|
|
Batting: RHB Abe Rael
|
0-0: Ball 1-0: Swinging Strike 1-1: Ball 2-1: Foul Ball, location: 2F 2-2: Ball 3-2: Strikes out looking
|
| Bottom of the 2nd over - 4 runs, 5 hits, 2 errors, 3 left on base; Danville 0 - Clinton 4 |
| TOP OF THE 3RD |
|
Danville Veterans batting - Pitching for Clinton Pilots : LHP Brian Lucas
|
|
Batting: RHB Jeff Moronko
|
0-0: Ball 1-0: Swinging Strike 1-1: Swinging Strike 1-2: Foul Ball, location: 2F 1-2: Foul Ball, location: 2F 1-2: Reached on error, E3 (Groundball, 3S, EV 77.5 MPH)
|
|
Batting: RHB Tom Hayes
|
0-0: Called Strike 0-1: Ball 1-1: Ball 2-1: Swinging Strike 2-2: Reached on error, E6 (Popup, 6M, EV 45.0 MPH) Jeff Moronko to second
|
|
Batting: RHB Jeff Hall
|
0-0: Called Strike Jeff Moronko steals 3rd base Tom Hayes to second 0-1: Ball 1-1: Fly out, F4 (Popup, 34D, EV 45.0 MPH)
|
|
Batting: RHB Billy Hatcher
|
0-0: Ball 1-0: Called Strike 1-1: Foul Ball, location: 2F 1-2: Ball 2-2: Fly out, F9 (Line Drive, 9, EV 95.6 MPH) Runner from 3rd tags up, SCORES, throw by RF Tom Hayes to third
|
|
Batting: RHB Henry Janssen
|
0-0: Foul Ball, location: 2F 0-1: Called Strike 0-2: Ground out 4-3 (Groundball, 4, EV 106.9 MPH)
|
| Top of the 3rd over - 1 run, 0 hits, 2 errors, 1 left on base; Danville 1 - Clinton 4 |
| BOTTOM OF THE 3RD |
|
Clinton Pilots batting - Pitching for Danville Veterans : RHP John Violette
|
|
Batting: LHB Thomas Berti
|
0-0: Ball 1-0: Ground out U3 (Groundball, 3, EV 87.5 MPH)
|
|
Batting: RHB Alberto Reyes
|
0-0: Fly out, F8 (Flyball, 8RD, EV 79.4 MPH)
|
|
Batting: RHB Barry Siebert
|
0-0: Ball 1-0: Ball 2-0: Ball 3-0: Called Strike 3-1: Base on Balls
|
|
Batting: LHB Epifano Martinez
|
0-0: Ball Wild Pitch! Barry Siebert to second 1-0: Ground out 4-3 (Groundball, 4, EV 103.1 MPH)
|
| Bottom of the 3rd over - 0 runs, 0 hits, 0 errors, 1 left on base; Danville 1 - Clinton 4 |
| TOP OF THE 4TH |
|
Danville Veterans batting - Pitching for Clinton Pilots : LHP Brian Lucas
|
|
Batting: LHB Mark Salas
|
0-0: Foul Ball, location: 2F 0-1: Ball 1-1: Ball 2-1: Fly out, F7 (Line Drive, 7, EV 91.3 MPH)
|
|
Batting: RHB Barry Brunenkant
|
0-0: Called Strike 0-1: Ball 1-1: Ball 2-1: Foul Ball, location: 2F 2-2: Ball 3-2: Fly out, F5 (Popup, 5SF, EV 73.8 MPH)
|
|
Batting: RHB Ed Saavedra
|
0-0: Swinging Strike 0-1: Fly out, F8 (Flyball, 8LM, EV 86.9 MPH)
|
| Top of the 4th over - 0 runs, 0 hits, 0 errors, 0 left on base; Danville 1 - Clinton 4 |
| BOTTOM OF THE 4TH |
|
Clinton Pilots batting - Pitching for Danville Veterans : RHP John Violette
|
|
Batting: RHB Donn Koch
|
0-0: SINGLE (Line Drive, 5D, EV 93.8 MPH)
|
|
Batting: RHB Danny Chairez
|
0-0: Ball 1-0: Fielders Choice at 2nd, 5-4 (Groundball, 5L, EV 81.9 MPH)
|
|
Batting: RHB Tom Riley
|
0-0: Foul Ball, location: 2F 0-1: Ball 1-1: Foul Ball, location: 2F 1-2: Fielders Choice at 2nd, 4-6 (Groundball, 4S, EV 89.4 MPH)
|
|
Batting: SHB Alan Regier
|
0-0: Ball 1-0: Foul Ball, location: 2F 1-1: Called Strike 1-2: Ground out U3 (Groundball, 3, EV 99.4 MPH)
|
| Bottom of the 4th over - 0 runs, 1 hit, 0 errors, 1 left on base; Danville 1 - Clinton 4 |
| TOP OF THE 5TH |
|
Danville Veterans batting - Pitching for Clinton Pilots : LHP Brian Lucas
|
|
Batting: RHB Vincent Pone
|
0-0: Ball 1-0: Called Strike 1-1: Ball 2-1: Ball 3-1: Foul Ball, location: 2F 3-2: Base on Balls
|
|
Batting: RHB Jeff Moronko
|
0-0: Ball 1-0: Ball 2-0: Called Strike 2-1: Ball 3-1: Foul Ball, location: 2F 3-2: Ground out 4-3 (Groundball, 4, EV 93.8 MPH) Vincent Pone to second
|
|
Batting: RHB Tom Hayes
|
0-0: Called Strike 0-1: Hit by Pitch
|
|
Batting: RHB Jeff Hall
|
0-0: Fly out, F9 (Line Drive, 9, EV 92.5 MPH)
|
|
Batting: RHB Billy Hatcher
|
0-0: Ball 1-0: Fly out, F9 (Flyball, 89S, EV 96.9 MPH)
|
| Top of the 5th over - 0 runs, 0 hits, 0 errors, 2 left on base; Danville 1 - Clinton 4 |
| BOTTOM OF THE 5TH |
|
Clinton Pilots batting - Pitching for Danville Veterans : RHP John Violette
|
|
Batting: RHB Abe Rael
|
0-0: Called Strike 0-1: SINGLE (Groundball, P, EV 94.4 MPH) (infield hit)
|
|
Batting: LHB Thomas Berti
|
0-0: Ball 1-0: Fielders Choice at 2nd, 4-6 (Groundball, 34D, EV 80.0 MPH)
|
|
Batting: RHB Alberto Reyes
|
0-0: Called Strike 0-1: Called Strike 0-2: Foul Ball, location: 2F 0-2: Ball 1-2: SINGLE (Groundball, 3D, EV 99.4 MPH) Thomas Berti to second Runner from 2nd tries for 3rd, SAFE, throw by RF made to third Alberto Reyes to second
|
|
Batting: RHB Barry Siebert
|
0-0: Ball 1-0: Called Strike 1-1: Called Strike 1-2: Foul Ball, location: 2F 1-2: SINGLE (Groundball, 6MD, EV 107.5 MPH) Thomas Berti scores Alberto Reyes to third
|
|
Batting: LHB Epifano Martinez
|
0-0: Called Strike 0-1: Ball 1-1: DOUBLE (Line Drive, 9LS, EV 95.0 MPH) Alberto Reyes scores Barry Siebert to third Runner from 3rd tries for Home, SAFE, no throw by RF
|
|
Batting: RHB Donn Koch
|
0-0: Ball 1-0: Ball 2-0: Called Strike 2-1: Reached on error, E6 (Groundball, 6, EV 85.0 MPH) Epifano Martinez to third
|
|
Batting: RHB Danny Chairez
|
0-0: Grounds into double play, 5-4-3 (Groundball, 56, EV 99.4 MPH)
|
| Bottom of the 5th over - 3 runs, 4 hits, 1 error, 1 left on base; Danville 1 - Clinton 7 |
| TOP OF THE 6TH |
|
Danville Veterans batting - Pitching for Clinton Pilots : LHP Brian Lucas
|
|
Batting: RHB Henry Janssen
|
0-0: Foul Ball, location: 2F 0-1: Ground out 6-3 (Groundball, 6, EV 111.3 MPH)
|
|
Batting: LHB Mark Salas
|
0-0: Swinging Strike 0-1: Ball 1-1: Fly out, F8 (Flyball, 78D, EV 103.1 MPH)
|
|
Batting: RHB Barry Brunenkant
|
0-0: Called Strike 0-1: Fly out, F7 (Flyball, 7D, EV 107.5 MPH)
|
| Top of the 6th over - 0 runs, 0 hits, 0 errors, 0 left on base; Danville 1 - Clinton 7 |
| BOTTOM OF THE 6TH |
|
Clinton Pilots batting - Pitching for Danville Veterans : RHP John Violette
|
|
Batting: RHB Tom Riley
|
0-0: Fly out, F9 (Line Drive, 9, EV 100.0 MPH)
|
|
Batting: SHB Alan Regier
|
0-0: Ball 1-0: Called Strike 1-1: SINGLE (Line Drive, 7LS, EV 98.1 MPH)
|
|
Batting: RHB Abe Rael
|
0-0: Grounds into double play, 6-4-3 (Groundball, 6, EV 103.1 MPH)
|
| Bottom of the 6th over - 0 runs, 1 hit, 0 errors, 0 left on base; Danville 1 - Clinton 7 |
| TOP OF THE 7TH |
|
Danville Veterans batting - Pitching for Clinton Pilots : LHP Brian Lucas
|
|
Batting: RHB Ed Saavedra
|
0-0: Called Strike 0-1: Fly out, F9 (Flyball, 9, EV 94.4 MPH)
|
|
Batting: RHB Vincent Pone
|
0-0: Ball 1-0: Foul Ball, location: 2F 1-1: Ball 2-1: Ball 3-1: Called Strike 3-2: Strikes out swinging
|
|
Batting: RHB Jeff Moronko
|
0-0: Foul Ball, location: 2F 0-1: Ball 1-1: DOUBLE (Line Drive, 7LM, EV 106.3 MPH)
|
|
Batting: RHB Tom Hayes
|
0-0: Called Strike 0-1: Foul Ball, location: 2F 0-2: SINGLE (Groundball, P, EV 81.3 MPH) (infield hit) Jeff Moronko to third
|
|
Batting: RHB Jeff Hall
|
0-0: Ball 1-0: Fly out, F3 (Popup, 34S, EV 78.1 MPH)
|
| Top of the 7th over - 0 runs, 2 hits, 0 errors, 2 left on base; Danville 1 - Clinton 7 |
| BOTTOM OF THE 7TH |
|
Clinton Pilots batting - Pitching for Danville Veterans : RHP John Violette
|
|
Batting: LHB Thomas Berti
|
0-0: Ball 1-0: Swinging Strike 1-1: Fly out, F4 (Popup, 4D, EV 53.8 MPH)
|
|
Batting: RHB Alberto Reyes
|
0-0: Foul Ball, location: 2F 0-1: Fly out, F8 (Flyball, 8RM, EV 95.6 MPH)
|
|
Batting: RHB Barry Siebert
|
0-0: Called Strike 0-1: Ball 1-1: Called Strike 1-2: Strikes out swinging, 2-3 out at first.
|
| Bottom of the 7th over - 0 runs, 0 hits, 0 errors, 0 left on base; Danville 1 - Clinton 7 |
| TOP OF THE 8TH |
|
Danville Veterans batting - Pitching for Clinton Pilots : LHP Brian Lucas
|
|
Batting: RHB Billy Hatcher
|
0-0: Called Strike 0-1: SINGLE (Line Drive, 4MD, EV 98.8 MPH)
|
|
Batting: RHB Henry Janssen
|
0-0: Ball 1-0: Foul Ball, location: 2F 1-1: Fly out, F9 (Flyball, 89S, EV 91.9 MPH)
|
|
Batting: LHB Mark Salas
|
0-0: Called Strike 0-1: Reached on error, E4 (Groundball, 4, EV 82.5 MPH) Billy Hatcher to second
|
|
Batting: RHB Barry Brunenkant
|
0-0: 3-RUN HOME RUN (Flyball, 7D, EV 104.4 MPH), Distance : 355 ft
|
|
Batting: RHB Ed Saavedra
|
0-0: Called Strike 0-1: Ball 1-1: Fly out, F7 (Flyball, 78D, EV 101.3 MPH)
|
|
Batting: RHB Vincent Pone
|
0-0: Called Strike 0-1: Swinging Strike 0-2: Foul Ball, location: 2F 0-2: Ball 1-2: Ball 2-2: Strikes out swinging
|
| Top of the 8th over - 3 runs, 2 hits, 1 error, 0 left on base; Danville 4 - Clinton 7 |
| BOTTOM OF THE 8TH |
|
Clinton Pilots batting - Pitching for Danville Veterans : RHP John Violette
|
|
Pitching: RHP Dave W Smith
|
|
|
Batting: LHB Epifano Martinez
|
0-0: Called Strike 0-1: Foul Ball, location: 2F 0-2: SINGLE (Groundball, 25, EV 61.3 MPH) (infield hit)
|
|
Batting: RHB Donn Koch
|
0-0: Ball 1-0: Ground out 4-3 (Groundball, 13, EV 80.6 MPH) Epifano Martinez to second
|
|
Batting: RHB Danny Chairez
|
0-0: Ball 1-0: Ground out 6-3 (Groundball, 6, EV 105.0 MPH)
|
|
Batting: RHB Tom Riley
|
0-0: Ball 1-0: Ball 2-0: Ball 3-0: Called Strike 3-1: SINGLE (Groundball, 23, EV 76.3 MPH) (infield hit) Epifano Martinez to third
|
|
Batting: SHB Alan Regier
|
0-0: Foul Ball, location: 2F 0-1: Fly out, F7 (Flyball, 7LS, EV 88.8 MPH)
|
| Bottom of the 8th over - 0 runs, 2 hits, 0 errors, 2 left on base; Danville 4 - Clinton 7 |
| TOP OF THE 9TH |
|
Danville Veterans batting - Pitching for Clinton Pilots : LHP Brian Lucas
|
|
Batting: RHB Jeff Moronko
|
0-0: Foul Ball, location: 2F 0-1: SINGLE (Line Drive, 78M, EV 108.1 MPH)
|
|
Batting: RHB Tom Hayes
|
0-0: Ball 1-0: Called Strike 1-1: Fly out, F5 (Flyball, 5D, EV 90.6 MPH)
|
|
Batting: RHB Jeff Hall
|
0-0: Fly out, F6 (Popup, 6MD, EV 50.0 MPH)
|
|
Batting: RHB Billy Hatcher
|
0-0: Ball 1-0: Called Strike 1-1: Fly out, F8 (Line Drive, 8LD, EV 92.5 MPH)
|
| Top of the 9th over - 0 runs, 1 hit, 0 errors, 1 left on base; Danville 4 - Clinton 7 |
|